 Dungeon Crawl Stone Soup version 0.28.0-45-g0d030f2227 (webtiles) character file.

Game seed: 8250415607365272655

9 McKennaii the Conjurer (level 2, 9/19 HPs)
             Began as a Demonspawn Conjurer on Apr 14, 2022.
             Quit the game on level 1 of the Dungeon.
             The game lasted 00:00:19 (354 turns).

McKennaii the Conjurer (Demonspawn Conjurer)         Turns: 354, Time: 00:00:19

Health: 9/19       AC:  2    Str:  7    XL:     2   Next: 6%
Magic:  1/5        EV: 12    Int: 19    God:
Gold:   0          SH:  0    Dex: 11    Spells: 4/5 levels left

rFire   . . .      SeeInvis .   (no weapon)
rCold   . . .      Faith    .   (no shield)
rNeg    . . .      Spirit   .   a - +0 robe
rPois   .          Reflect  .   (no helmet)
rElec   .          Harm     .   (no cloak)
rCorr   .          Rampage  .   (no gloves)
Will    .....                   (no boots)
Stlth   ++........              (no amulet)
HPRegen 0.06/turn               (no ring)
MPRegen 0.09/turn               (no ring)

@: no status effects
A: powered by death 1
a: no special abilities


You were on level 1 of the Dungeon.
You visited 1 branch of the dungeon, and saw 1 of its levels.

Inventory:

Armour
 a - a +0 robe (worn)
Scrolls
 c - a scroll of identify {unknown}
 d - a scroll of magic mapping {unknown}
Potions
 b - a potion of heal wounds {unknown}
 e - a potion of lignification {unknown}


   Skills:
 - Level 1.7 Dodging
 - Level 1.7 Stealth
 + Level 2.3 Spellcasting
 + Level 4.2 Conjurations


You had 4 spell levels left.
You knew the following spells:

 Your Spells              Type           Power      Damage    Failure   Level
a - Magic Dart            Conj           72%        1d6       2%          1

Your spell library contained the following spells:

 Spells                   Type           Power      Damage    Failure   Level
 Searing Ray              Conj           36%        2d5       4%          2
 Dazzling Flash           Conj/Hex       20%        N/A       21%         3
 Fulminant Prism          Conj/Hex       5%         3d7       56%         4
 Iskenderun's Mystic Bla  Conj/Tloc      10%        2d4       56%         4


Dungeon Overview and Level Annotations

Branches:
Dungeon (1/15)

Altars:


Innate Abilities, Weirdness & Mutations

You regenerate a little health from kills.


Message History

The dart slug launches a dart at you. The slug dart hits you.
A dart slug is nearby!
A dart slug is nearby!
You are too depleted to draw on your mana recklessly!
A dart slug is nearby!
You are too depleted to draw on your mana recklessly!
A dart slug is nearby!
You are too depleted to draw on your mana recklessly!
A kobold comes into view. It is wielding a +0 short sword.
There are monsters nearby!
You hit the dart slug but do no damage.
The dart slug is severely wounded.
The kobold shouts!
A bat comes into view.
The dart slug launches a dart at you. The slug dart misses you.
The bat moves out of view.
You hit the dart slug but do no damage.
The dart slug is severely wounded.
You hit the dart slug but do no damage.
The dart slug is severely wounded.
The dart slug launches a dart at you. The slug dart hits you.
You hit the dart slug.
The dart slug is almost dead.
The dart slug closely misses you.
You barely miss the dart slug.
The dart slug is almost dead.
You barely miss the dart slug.
The dart slug is almost dead.
The kobold hits you with a +0 short sword.
The dart slug bites you but does no damage.
You hit the dart slug.
You kill the dart slug!
The bat hits you but does no damage.
The kobold hits you with a +0 short sword.
You have reached level 2!
Your demonic ancestry asserts itself...
A wave of death washes over you.
Are you sure you want to abandon this character and quit the game? (Confirm with "yes".)

.. #.#... .. . ..###.#
.## .### .#..# ##.. ..#
##.#.# ##..##.... ..†..#
..... .. ....#.#
#†b##.#.######..#
###.####.............)..
.......@K......######.##
##.#####.####### #.##
#.######### #...
#.........## #..8
#####......###...
#....#.......
#......###... ##.#####
#... #.# ####


You could see a bat and a kobold.

Vanquished Creatures
  A dart slug (D:1)
  A ball python (D:1)
  A giant cockroach (D:1)
  A quokka (D:1)
  3 goblins (D:1)
7 creatures vanquished.

Notes
Turn   | Place    | Note
-------+----------+-------------------------------------------
     0 | D:1      | McKennaii the Demonspawn Conjurer began the quest for the
                  | Orb.
     0 | D:1      | Reached XP level 1. HP: 13/13 MP: 3/3
    87 | D:1      | Found a faded altar of an unknown god.
   353 | D:1      | Gained mutation: You regenerate a little health from kills.
                  | [demonic ancestry]
   353 | D:1      | Reached XP level 2. HP: 8/19 MP: 1/5
   354 | D:1      | Quit the game

Illustrated notes

Levels and vault maps discovered:
D:1:      heliophobic_arrival_henge, layout_loops_ring,
          dreamdust_ecumenical_altar_statues

Action                   || total
-------------------------++-------
Melee: Unarmed           ||    10
 Cast: Magic Dart        ||    16
Armor: Robe              ||     2
Dodge: Dodged            ||     5
